 Dungeon Crawl Stone Soup version 0.29-a0-830-gcb1280458a (webtiles) character file.

Game seed: 9880360985313013332

572 iguanaiguana the Insei (level 7, -6/72 HPs)
             Began as an Octopode Transmuter on July 12, 2022.
             Was an Initiate of Gozag.
             Splashed by a jelly's acid (10 damage)
             ... on level 5 of the Dungeon.
             The game lasted 00:26:02 (2341 turns).

iguanaiguana the Insei (Octopode Transmuter)        Turns: 2341, Time: 00:26:03

Health: -6/72      AC:  7    Str:  9    XL:     7   Next: 34%
Magic:  3/10       EV:  2    Int: 18    God:    Gozag
Gold:   241        SH:  0    Dex: 12    Spells: 4/10 levels left

rFire   + . .      SeeInvis .     - Unarmed
rCold   . . .      Faith    .   (no shield)
rNeg    . . .      Spirit   .   (helmet currently unavailable)
rPois   +          Reflect  .   (no amulet)
rElec   .          Harm     .   a - ring of protection from fire
rCorr   .          Rampage  .   (no ring)
Will    .....      NoTele   +   (no ring)
Stlth   ++........              (no ring)
HPRegen 0.22/turn               (no ring)
MPRegen 0.12/turn               (no ring)
                                (no ring)
                                (no ring)

@: tree-form, corroded, gold aura
A: stationary, stasis, torment immunity, boosted hp, almost no armour,
(amphibious), 8 rings, (camouflage 1), (gelatinous body 1), (nimble swimmer 1),
(tentacles)
a: Renounce Religion, Potion Petition, Call Merchant, Bribe Branch


You were on level 5 of the Dungeon.
You worshipped Gozag.
Gozag was aware of your devotion.
You were a tree.
You visited 2 branches of the dungeon, and saw 6 of its levels.
You also visited: Sewer.

You collected 330 gold pieces.
You paid 89 gold pieces to Gozag.

Inventory:

Hand Weapons
 b - a +0 club
Missiles
 f - 6 poisoned darts
 k - 4 boomerangs
Jewellery
 a - a ring of protection from fire (left branch)
Scrolls
 i - a scroll of fear {unknown}
 j - a scroll of immolation
 m - 2 scrolls of teleportation {unknown}
 n - a scroll of enchant weapon {unknown}
 p - a scroll of fog {unknown}
Potions
 c - 3 potions of cancellation
 d - a potion of invisibility
 e - a potion of curing {unknown}
 g - 3 potions of attraction {unknown}
 h - 3 potions of haste {@q4}
 o - a potion of mutation {unknown}
 q - 2 potions of heal wounds {unknown}


   Skills:
 - Level 4.0 Fighting
 + Level 3.7 Dodging
 - Level 2.0 Stealth
 - Level 4.6 Unarmed Combat
 - Level 2.0 Spellcasting
 - Level 3.9 Transmutations
 - Level 2.0 Poison Magic


You had 4 spell levels left.
You knew the following spells:

 Your Spells              Type           Power      Damage    Failure   Level
a - Beastly Appendage     Tmut           32%        N/A       3%          1
b - Wereblood             Tmut           16%        N/A       5%          2
c - Spider Form           Tmut/Pois      12%        N/A       16%         3

Your spell library contained the following spells:

 Spells                   Type           Power      Damage    Failure   Level
 Ice Form                 Ice/Tmut       9%         N/A       61%         4


Dungeon Overview and Level Annotations

Branches:
Dungeon (5/15) Zot: 26713  Temple (1/1) D:4 Zot: 5989   Sewer (visited)

Altars:
Ashenzari
Dithmenos
Elyvilon
Fedhas
Gozag
Kikubaaqudgha
Nemelex Xobeh
Okawaru
Qazlal
Ru
Uskayaw
Xom
Yredelemnul
Zin
The Shining One


Innate Abilities, Weirdness & Mutations

You are a tree.
Your roots penetrate the ground, keeping you stationary.
You cannot be teleported.
You are immune to unholy pain and torment.
Your maximum health is greatly increased.
You cannot wear most types of armour.
((You are amphibious.))
You can wear up to eight rings at the same time.
((Your skin changes colour to match your surroundings (Stealth+).))
((Your rubbery body absorbs attacks. (AC +1, EV +1)))
((You are camouflaged when in or above water. (Stealth+)))
((You have tentacles for arms and can constrict up to eight enemies at once.))


Message History

You hit the orc but do no damage.
The orc looks as sick as possible!
The orc is severely wounded.
You kill the orc!
You hit the jelly but do no damage.
Your front legs burn!
* * * LOW HITPOINT WARNING * * *
The jelly is lightly wounded.
Your transformation has ended.
You tentacle-slap the jelly but do no damage.
Your tentacles burn!
* * * LOW HITPOINT WARNING * * *
The jelly is lightly wounded.
You tentacle-slap the jelly but do no damage.
The acid corrodes you!
Your tentacles burn!
* * * LOW HITPOINT WARNING * * *
The jelly is lightly wounded.
Really quaff the potion of lignification?
You turn into a tree.
Your roots penetrate the ground.
Smack: -) Branches
Press: ? - help, Dir - move target, f - jelly
Aim: a jelly (about 3% to evade your branches)
You hit the jelly. The acid corrodes you!
Your branches burn!
* * * LOW HITPOINT WARNING * * *
The jelly is moderately wounded.
Smack: -) Branches
Press: ? - help, Dir - move target, f/p - jelly
Aim: a jelly (moderately wounded, about 3% to evade your branches)
You hit the jelly but do no damage.
Your branches burn!
* * * LOW HITPOINT WARNING * * *
The jelly is moderately wounded.
Smack: -) Branches
Press: ? - help, Dir - move target, f/p - jelly
Aim: a jelly (moderately wounded, about 3% to evade your branches)
You hit the jelly but do no damage. The acid corrodes you!
Your branches burn!
* * * LOW HITPOINT WARNING * * *
The jelly is moderately wounded.
The jelly hits you.
* * * LOW HITPOINT WARNING * * *
You are splashed with acid!
You die...
Your body crumbles into a pile of gold.

#.......#####
##...........
##.....######
#######.......# #
##.....#.......#
#
##..............#
#.........$....##
#....J....#...##
#.<.♣$..$.#####
#.........#
#......$..#
#.........#
#.........#
#.........#
#.........#
#.........#
##..o..o.##


You could see a jelly.

Vanquished Creatures
  Edmund (D:5)
  Pargi (Sewer)
  A necrophage (D:4)
  A scorpion (D:5)
  A jelly (D:5)
  A hound (D:5)
  A mummy (D:4)
  Robin (D:4)
  7 adders
  An ufetubus (D:5)
  2 worms
  2 dart slugs
  3 orcs
  5 endoplasms
  5 giant cockroaches
  16 goblins
  5 hobgoblins
  4 jackals (D:1)
  7 kobolds
  2 quokkas
  5 ball pythons
  9 bats
  2 frilled lizards
  2 hobgoblin zombies (D:4)
  A kobold zombie (D:4)
  An orc zombie (D:4)
  9 rats
96 creatures vanquished.

Vanquished Creatures (others)
  A quokka (D:4)
1 creature vanquished.

Grand Total: 97 creatures vanquished

Notes
Turn   | Place    | Note
-------+----------+-------------------------------------------
     0 | D:1      | iguanaiguana the Octopode Transmuter began the quest for
                  | the Orb.
     0 | D:1      | Reached XP level 1. HP: 13/13 MP: 3/3
    77 | D:1      | Reached XP level 2. HP: 15/18 MP: 5/5
   178 | D:1      | Found a faded altar of an unknown god.
   192 | D:1      | Learned a level 2 spell: Wereblood
   509 | D:2      | Reached skill level 1 in Stealth
   510 | D:2      | Reached XP level 3. HP: 19/23 MP: 6/6
   842 | D:1      | Reached XP level 4. HP: 26/29 MP: 4/7
   987 | D:3      | Found an ancient bone altar of Kikubaaqudgha.
  1107 | D:3      | Learned a level 3 spell: Spider Form
  1129 | D:3      | Reached skill level 1 in Poison Magic
  1221 | D:3      | Found a glowing drain.
  1225 | Sewer    | Entered a sewer
  1234 | Sewer    | Reached XP level 5. HP: 34/34 MP: 5/8
  1255 | Sewer    | Noticed Pargi
  1274 | Sewer    | Killed Pargi
  1410 | D:3      | Found a sparkling altar of Nemelex Xobeh.
  1436 | D:3      | Reached XP level 6. HP: 34/39 MP: 5/9
  1638 | D:4      | Identified the +1 ring mail of Midwinter {rPois}
  1663 | D:4      | Noticed Robin
  1671 | D:4      | Killed Robin
  1707 | D:4      | Found a white marble altar of Elyvilon.
  1714 | D:4      | Became a worshipper of Elyvilon the Healer
  1742 | D:4      | Found a staircase to the Ecumenical Temple.
  1752 | Temple   | Entered the Ecumenical Temple
  1757 | Temple   | Fell from the grace of Elyvilon
  1757 | Temple   | Became a worshipper of Gozag Ym Sagoz the Greedy
  1791 | D:4      | Found a broken altar of Ashenzari.
  1794 | D:4      | Found a sacrificial altar of Ru.
  2054 | D:5      | Entered Level 5 of the Dungeon
  2103 | D:5      | Noticed Edmund
  2123 | D:5      | Killed Edmund
  2124 | D:5      | Reached XP level 7. HP: 9/47 MP: 7/10
  2341 | D:5      | Splashed by a jelly's acid

Illustrated notes

Levels and vault maps discovered:
D:1:      tarquinn_simple_flora_water_e, layout_basic,
          dreamdust_ecumenical_altar_angels_and_demons
D:2:      minmay_recursive_quarters, layout_loops_ring
D:3:      layout_rooms, nemelex_spade_bored_becter, kiku_gazebo_pond_becter,
          gup_sewer_entry_bowl
D:4:      layout_rooms, elyvilon_altar_4, amethyst_overflow_temple_binary,
          minmay_temple_entry_purple_smoke, minmay_mini_ossuary, uniq_robin
D:5:      layout_rooms, nzn_wu_jian_contemplation, bloody_makhleb,
          abandoned_shop, roderic_nine_men_s_morris,
          kennysheep_decorative_pillar, uniq_edmund
Temple:   hellmonk_temple_micro_hex

Skill      XL: |  1  2  3  4  5  6  7 |
---------------+----------------------+-----
Transmutations | 3 |  3.9
Stealth        | 1 2 |  2.0
Fighting       | 2 3 4 |  4.0
Poison Magic   | 1 2 |  2.0
Unarmed Combat | 4 |  4.6
Dodging        | 3 |  3.7
Spellcasting   | |  2.0

Action                   |  1- 3 |  4- 6 |  7- 9 || total
-------------------------+-------+-------+-------++-------
Melee: Unarmed           |    73 |   128 |    21 ||   222
       Tentacles         |    13 |    14 |       ||    27
       Constrict         |    18 |    33 |       ||    51
       Kick              |    23 |    33 |       ||    56
       Punch             |     3 |     5 |       ||     8
Throw: Dart              |       |     6 |       ||     6
       Boomerang         |       |     4 |       ||     4
 Cast: Beastly Appendage |    16 |    22 |       ||    38
       Wereblood         |     1 |    11 |       ||    12
       Spider Form       |       |     4 |     3 ||     7
  Use: Scroll            |     2 |     3 |       ||     5
       Potion            |     1 |       |     1 ||     2
 Stab: Sleeping          |     6 |     3 |       ||     9
Armor: Skin              |    13 |    16 |     3 ||    32
Dodge: Dodged            |    43 |    72 |    12 ||   127

Table legend: (Time is in decaauts)
 A = Elapsed time spent in this place.
 B = Non-inter-level travel time spent in this place.
 C = Inter-level travel time spent in this place.
 D = Time resting spent in this place.
 E = Time spent auto-exploring this place.
 F = Levels seen in this place.
 G = Mean time per level.
                   A        B        C        D        E       F      G
               +--------+--------+--------+--------+--------+-----+--------+
         Total |   2327 |   1022 |   1305 |     29 |    121 |   7 |  332.4 |
       Dungeon |   2204 |    907 |   1297 |     29 |    121 |   5 |  440.8 |
        Temple |     10 |      2 |      8 |      0 |      0 |   1 |   10.0 |
         Sewer |    111 |    111 |      0 |      0 |      0 |   1 |  111.0 |
               +--------+--------+--------+--------+--------+-----+--------+

Top non-repeatable levels by time:
     D:4: 549 daAuts
     D:1: 498 daAuts
     D:2: 486 daAuts
     D:3: 418 daAuts
     D:5: 251 daAuts
   Sewer: 111 daAuts
  Temple: 10 daAuts
